 Dungeon Sprint DCSS version 0.23.0 (webtiles) character file.

Game seed: 11989824656053937505

19329 nuthulu the Bludgeoner (level 13, -1/105 HPs)
             Began as a Formicid Fighter on Feb 12, 2019.
             Was the Champion of Makhleb.
             Killed from afar by a storm dragon (11 damage)
             ... with a bolt of lightning
             ... in the Dungeon (Sprint V: "Ziggurat Sprint").
             The game lasted 00:06:04 (733 turns).

nuthulu the Bludgeoner (Formicid Fighter)            Turns: 733, Time: 00:06:04

Health: -1/105     AC: 33    Str: 29 (30) XL:     13   Next: 3%
Magic:  13/13      EV:  3    Int:  6      God:    Makhleb [******]
Gold:   0          SH: 34    Dex: 12      Spells: 12/12 levels left

rFire    + + +     SeeInvis +   F - +7 great mace "Firestarter" {inner flame, rF++}
rCold    . . .     Gourm    .   H - +18 shield of the Gong {rElec rN+ MR+ EV-5}
rNeg     + . .     Faith    .   G - +15 Maxwell's patent armour {-Cast -Tele rElec MR+ rCorr}
rPois    .         Spirit   .   (helmet unavailable)
rElec    +         Reflect  .   (no cloak)
rCorr    +         Harm     .   (no gloves)
MR       +++..     NoCast   +   o - +2 pair of boots {Fly}
Stlth    ..........             (no amulet)
HPRegen  0.27/turn              E - +6 ring of strength
MPRegen  0.13/turn              a - ring of protection from fire

@: flying
A: permanent stasis, dig shafts and tunnels, four strong arms, antennae 3,
deterioration 1, dopey 1, frail 1
a: Dig, Minor Destruction, Lesser Servant of Makhleb, Major Destruction, Greater
Servant of Makhleb, Renounce Religion, Stop Flying


You were in the Dungeon.
You worshipped Makhleb.
Makhleb was exalted by your worship.
You were not hungry.

You visited 1 branch

Inventory:

Hand Weapons
 F - the +7 great mace "Firestarter" (weapon) {inner flame, rF++}
   (You found it in the Dungeon)

   It has been specially enchanted to burn those struck by it, causing extra
   injury to most foes and up to half again as much damage against particularly
   susceptible opponents.
   It greatly protects you from fire.
Armour
 o - a +2 pair of boots of flying (worn)
 G - the +15 Maxwell's patent armour (worn) {-Cast -Tele rElec MR+ rCorr}
   (You found it in the Dungeon)

   It insulates you from electricity.
   It affects your resistance to hostile enchantments.
   It prevents spellcasting.
   It prevents most forms of teleportation.
   It provides partial protection from all sources of acid and corrosion.
 H - the +18 shield of the Gong (worn) {rElec rN+ MR+ EV-5}
   (You found it in the Dungeon)

   It affects your evasion (-5).
   It insulates you from electricity.
   It protects you from negative energy.
   It affects your resistance to hostile enchantments.
Jewellery
 a - a ring of protection from fire (right hand)
 b - a +3 ring of intelligence
 z - a +6 ring of dexterity
 A - a +6 ring of dexterity
 B - a +6 ring of intelligence
 C - a +6 ring of intelligence
 D - a +6 ring of strength
 E - a +6 ring of strength (left hand)
 I - the ring of Shadows {Umbra +Inv Stlth+}
   (You found it in the Dungeon)

   [ring of stealth]

   It lets you turn invisible.
   It makes you more stealthy.
 J - the ring of Brilliance {Ice *Drain Str+4 Int+3 Dex+3}
   (You found it in the Dungeon)

   [ring of ice]

   It enhances your ice magic.
   It affects your strength (+4).
   It affects your intelligence (+3).
   It affects your dexterity (+3).
   It makes you vulnerable to fire.
   It protects you from cold.
   It causes draining when unequipped.
 K - the ring "Degruzes" {Ice MR++ Int+3 Dex-3}
   (You found it in the Dungeon)

   [ring of ice]

   It enhances your ice magic.
   It affects your intelligence (+3).
   It affects your dexterity (-3).
   It makes you vulnerable to fire.
   It protects you from cold.
   It affects your resistance to hostile enchantments.
Wands
 w - a wand of disintegration (7)
 x - a wand of iceblast (7)
 y - a wand of acid (7)
Scrolls
 c - 4 scrolls of enchant weapon
 k - 4 scrolls of blinking
 q - 4 scrolls of amnesia
 r - 7 scrolls of fog
 s - a scroll of holy word
 t - 5 scrolls of identify
 u - 5 scrolls of remove curse
 v - 2 scrolls of fear
Potions
 d - 6 potions of might
 e - 10 potions of curing
 g - 7 potions of heal wounds
 h - 6 potions of haste
 i - 7 potions of magic
 j - 3 potions of berserk rage
 l - 2 potions of brilliance
 m - 2 potions of invisibility
 n - 3 potions of resistance
 p - 5 potions of agility
Comestibles
 f - 7 rations


   Skills:
 * Level 16.0 Fighting
 - Level 20.1 Maces & Flails
 - Level 11.5 Armour
 - Level 1.5 Dodging
 - Level 18.1 Shields


You had 12 spell levels left.
You didn't know any spells.
Your spell library was empty.

Dungeon Overview and Level Annotations

Branches:
Dungeon (1/1)

Altars:
Ashenzari
Cheibriados
Dithmenos
Elyvilon
Fedhas
Gozag
Hepliaklqana
Kikubaaqudgha
Makhleb
Nemelex Xobeh
Okawaru
Qazlal
Ru
Sif Muna
Trog
Uskayaw
Vehumet
Wu Jian
Xom
Yredelemnul
Zin
The Shining One
Beogh
Jiyva
Lugonu

Annotations:
D 1 transporter


Innate Abilities, Weirdness & Mutations

You cannot be hasted, slowed, berserked, paralysed or teleported.
You can dig through walls and to a lower floor.
Your four strong arms can wield two-handed weapons with a shield.
You have a pair of large antennae on your head. (SInv)
Your body sometimes deteriorates upon taking damage.
You are dopey. (Int -2)
You are frail. (-10% HP)


Message History

You block the air elemental's attack.
PTOANNNG!
You block the storm dragon's attack.
PTOANNNG!
The storm dragon claws you but does no damage.
The storm dragon tramples you but does no damage.
You block the Executioner's attack.
SHROANNG!
You block the Executioner's attack.
SHROANNG!
The Executioner hits you but does no damage.
The storm dragon breathes lightning at you.
The bolt of lightning hits the storm dragon.
The storm dragon completely resists.
The bolt of lightning hits the storm dragon.
The storm dragon completely resists.
The bolt of lightning hits you. You resist.
* * * LOW HITPOINT WARNING * * *
The bolt of lightning hits you! You resist.
You die...

▓........▓..}.)
▓▓▓▓▓▓▓▓▓▓▓▓▓........▓.....
▓....8©8....▓........▓.....
▓..:)):}))..▓.▓....▓.▓.▓...
▓...)i=)=[..▓...©....▓...©.
▓.....k.....▓▓▓▓▓▓▓▓▓▓▓▓▓▓▓
▓......v.kD.▓...8©8...▓..8©
▓......kkED1▓..})})...▓..}[
▓......DDD@.▓...[|}%%.▓..:)
▓..▓.....▓..▓......%..▓....
▓.▓...▓.▓.▓.........▓....
▓..▓...§.▓..▓....†....▓....
▓.....©.....▓...†.....▓....
▓▓▓▓▓▓▓▓▓▓▓▓▓.▓.....▓.▓.▓..
▓....8©8....▓.%..©....▓...©
▓..|)[.))}..▓▓▓▓▓▓▓▓▓▓▓▓▓▓▓
▓...|[}.)...▓...8©8...▓..8©


You could see 5 storm dragons, an Executioner, 4 wind drakes, a spriggan air
mage (inner flame), an air elemental and an insubstantial wisp.

Vanquished Creatures
  A tentacled starspawn (D)
  A thorn hunter (D)
  2 reapers (D)
  A spriggan defender (D)
  An apis (D)
  A spriggan air mage (D)
  A shambling mangrove (D)
  A spriggan berserker (D)
  A sixfirhy (D)
  2 spriggan druids (D)
  An ugly thing (D)
  2 shining eyes (D)
  A faun (D)
  An elephant (shapeshifter) (D)
  2 toenail golems (D)
  3 gargoyles (D)
  4 rime drakes (D)
  A komodo dragon (shapeshifter) (D)
  2 tormentors (D)
  A polar bear (D)
  A red devil (D)
  A hornet (shapeshifter) (D)
  A slime creature (D)
  2 wraiths (D)
  A golden eye (D)
  3 neqoxecs (D)
  2 floating eyes (D)
  2 large abominations (D)
  2 phantoms (D)
  2 ice beasts (D)
  4 necrophages (D)
  A bullfrog (D)
  4 earth elementals (D)
  5 quasits (D)
  An iron imp (D)
  A mummy (D)
  A river rat (D)
  2 shadow imps (D)
  3 white imps (D)
  An ufetubus (D)
  4 oozes (D)
  3 adder zombies (D)
  An adder skeleton (D)
  2 bat skeletons (D)
  A bat zombie (D)
  A ball python zombie (D)
  3 leopard gecko zombies (D)
  A lurking horror (D)
  2 starspawn tentacles (D)
88 creatures vanquished.

Vanquished Creatures (others)
  A spatial maelstrom (D)
1 creature vanquished.

Grand Total: 89 creatures vanquished

Notes
Turn   | Place    | Note
-------+----------+-------------------------------------------
     0 | D        | Found the +6 Majin-Bo {vamp, Archmagi MP+6 Int+6}
     0 | D        | Found the +7 great mace "Firestarter" {inner flame, rF++}
     0 | D        | nuthulu the Formicid Fighter began the quest for the Orb.
     0 | D        | Reached XP level 1. HP: 18/18 MP: 1/1
     0 | D        | Found a deep blue altar of Sif Muna.
     0 | D        | Found a sacrificial altar of Ru.
     0 | D        | Found a bloodstained altar of Trog.
     0 | D        | Found a stormy altar of Qazlal.
     0 | D        | Found an iron altar of Okawaru.
     0 | D        | Found a sparkling altar of Nemelex Xobeh.
     0 | D        | Found a blossoming altar of Fedhas.
     2 | D        | Found a transporter.
     2 | D        | Found an ancient bone altar of Kikubaaqudgha.
     2 | D        | Found a viscous altar of Jiyva.
     2 | D        | Found a corrupted altar of Lugonu.
     2 | D        | Found a hazy altar of Hepliaklqana.
     2 | D        | Found a burning altar of Makhleb.
     2 | D        | Found an opulent altar of Gozag.
     2 | D        | Banished a spatial maelstrom
     4 | D        | Banished a spatial maelstrom
    18 | D        | Found the +9 heavy crossbow "Sniper" {velocity, Acc+∞ SInv}
    18 | D        | Found the +10 dark maul {crush}
    18 | D        | Found the +15 Maxwell's patent armour {-Cast -Tele rElec
                  | MR+ rCorr}
    18 | D        | Found the +18 shield of the Gong {rElec rN+ MR+ EV-5}
    18 | D        | Found the cursed +14 obsidian axe {chop, +Fly SInv *Curse}
    19 | D        | Found the +6 shillelagh "Devastator" {shatter}
    19 | D        | Found the +11 plutonium sword {*Contam Stlth-}
    19 | D        | Found the +8 lance "Wyrmbane" {slay drac, rPois rF+ rC+
                  | AC+3}
    19 | D        | Found the +9 sword of Zonguldrok {reap}
    19 | D        | Found the cursed +13 scythe of Curses {drain, *Curse}
    19 | D        | Found the +0 sword of Power
    19 | D        | Found the +7 mace of Variability {chain chaos}
    19 | D        | Found the +7 Singing Sword {slice, sonic wave}
    19 | D        | Found the +7 longbow "Piercer" {penet, EV-2}
    56 | D        | Reached skill level 7 in Maces & Flails
    56 | D        | Reached XP level 2. HP: 24/24 MP: 2/2
    62 | D        | Became a worshipper of Makhleb the Destroyer
    70 | D        | Entered arena 2.
    70 | D        | Noticed a bullfrog
    70 | D        | Found a transporter.
    72 | D        | Killed a bullfrog
    72 | D        | Reached skill level 8 in Maces & Flails
    72 | D        | Reached skill level 9 in Maces & Flails
    72 | D        | Reached XP level 3. HP: 14/29 MP: 3/3
    72 | D        | Reached XP level 4. HP: 17/35 MP: 4/4
   236 | D        | Entered arena 3.
   236 | D        | Noticed a floating eye
   236 | D        | Found a transporter.
   239 | D        | Reached * piety under Makhleb
   239 | D        | Reached skill level 10 in Maces & Flails
   240 | D        | Killed a floating eye
   240 | D        | Reached skill level 11 in Maces & Flails
   240 | D        | Reached XP level 5. HP: 41/41 MP: 5/5
   250 | D        | Entered arena 4.
   250 | D        | Found a transporter.
   253 | D        | Reached ** piety under Makhleb
   253 | D        | Reached skill level 12 in Maces & Flails
   253 | D        | Reached XP level 6. HP: 46/47 MP: 6/6
   260 | D        | Reached *** piety under Makhleb
   392 | D        | Entered arena 5.
   392 | D        | Found a transporter.
   401 | D        | Reached **** piety under Makhleb
   401 | D        | Reached skill level 13 in Maces & Flails
   457 | D        | Entered arena 6.
   457 | D        | Noticed a necrophage
   457 | D        | Noticed a phantom
   457 | D        | Found a transporter.
   465 | D        | Killed a necrophage
   465 | D        | Reached skill level 1 in Dodging
   465 | D        | Reached XP level 7. HP: 52/52 MP: 7/7
   475 | D        | Reached skill level 14 in Maces & Flails
   478 | D        | Entered arena 7.
   478 | D        | Noticed a slime creature
   478 | D        | Noticed a shining eye
   478 | D        | Noticed a golden eye
   479 | D        | Found a transporter.
   482 | D        | Gained mutation: You are frail. (-10% HP) [a shining eye]
   483 | D        | Killed a shining eye
   483 | D        | Reached ***** piety under Makhleb
   483 | D        | Reached skill level 16 in Maces & Flails
   483 | D        | Reached XP level 8. HP: 52/52 MP: 8/8
   485 | D        | Killed a slime creature
   491 | D        | Reached skill level 17 in Maces & Flails
   499 | D        | Entered arena 8.
   500 | D        | Found a transporter.
   507 | D        | Reached ****** piety under Makhleb
   507 | D        | Reached XP level 9. HP: 57/57 MP: 9/9
   521 | D        | Entered arena 9.
   521 | D        | Noticed a rime drake
   521 | D        | Noticed a polar bear
   521 | D        | Noticed a rime drake
   521 | D        | Noticed a rime drake
   521 | D        | Noticed a rime drake
   522 | D        | Found a transporter.
   527 | D        | Killed a rime drake
   527 | D        | Reached skill level 18 in Maces & Flails
   527 | D        | Killed a rime drake
   529 | D        | Killed a rime drake
   529 | D        | Killed a polar bear
   529 | D        | Reached skill level 19 in Maces & Flails
   529 | D        | Killed a rime drake
   529 | D        | Reached skill level 20 in Maces & Flails
   529 | D        | Reached XP level 10. HP: 63/63 MP: 10/10
   561 | D        | Entered arena 10.
   561 | D        | Noticed a shining eye
   561 | D        | Noticed a green ugly thing
   561 | D        | Noticed a komodo dragon
   561 | D        | Gained mutation: You are dopey. (Int -2) [a neqoxec]
   562 | D        | Found a transporter.
   567 | D        | Killed a komodo dragon
   567 | D        | Reached skill level 5 in Shields
   568 | D        | Noticed an elephant
   568 | D        | a jumping spider changed into an elephant
   569 | D        | Killed a green ugly thing
   569 | D        | Killed an elephant
   569 | D        | Reached skill level 5 in Armour
   569 | D        | Reached skill level 10 in Shields
   570 | D        | Killed a shining eye
   572 | D        | Gained mutation: Your body sometimes deteriorates upon
                  | taking damage. [a neqoxec]
   578 | D        | Entered arena 11.
   578 | D        | Noticed a gargoyle
   578 | D        | Noticed a toenail golem
   578 | D        | Noticed a gargoyle
   578 | D        | Noticed a toenail golem
   578 | D        | Noticed a gargoyle
   579 | D        | Found a transporter.
   582 | D        | Killed a gargoyle
   586 | D        | Killed a toenail golem
   586 | D        | Killed a gargoyle
   586 | D        | Reached XP level 11. HP: 67/67 MP: 11/11
   592 | D        | Killed a toenail golem
   616 | D        | Entered arena 12.
   616 | D        | Noticed a spriggan druid
   616 | D        | Noticed a satyr
   616 | D        | Noticed an apis
   616 | D        | Noticed a thorn hunter
   616 | D        | Noticed a faun
   616 | D        | Noticed a spriggan druid
   617 | D        | Identified the +7 war axe of Dacepori {venom, MR- Str+9
                  | SInv}
   617 | D        | Noticed a spriggan berserker
   617 | D        | Noticed a shambling mangrove
   617 | D        | Noticed a spriggan defender
   617 | D        | Noticed a spriggan air mage
   618 | D        | Found the +10 Black Knight's horse barding {ponderous,
                  | rPois rN+}
   618 | D        | Found a transporter.
   621 | D        | Killed a spriggan berserker
   623 | D        | Killed a spriggan druid
   623 | D        | Reached skill level 15 in Shields
   623 | D        | Killed a spriggan druid
   623 | D        | Reached skill level 10 in Armour
   624 | D        | Killed a faun
   624 | D        | Killed a spriggan defender
   627 | D        | Killed a thorn hunter
   627 | D        | Reached XP level 12. HP: 65/72 MP: 12/12
   630 | D        | Killed a spriggan air mage
   633 | D        | Killed a shambling mangrove
   633 | D        | Killed an apis
   639 | D        | Reached skill level 10 in Fighting
   646 | D        | Entered arena 13.
   646 | D        | Noticed a sixfirhy
   647 | D        | Found the +7 sceptre of Torment {pain, torment}
   647 | D        | Found the ring of Shadows {Umbra +Inv Stlth+}
   647 | D        | Noticed a tentacled starspawn
   648 | D        | Found the +7 great mace "Undeadhunter" {disrupt, rN+}
   648 | D        | Found a transporter.
   649 | D        | Killed a sixfirhy
   657 | D        | Killed a tentacled starspawn
   673 | D        | Got the ring of Brilliance {Ice *Drain Str+4 Int+3 Dex+3}
   680 | D        | Entered arena 14.
   681 | D        | Noticed a reaper
   682 | D        | Noticed a reaper
   683 | D        | Found a transporter.
   702 | D        | Killed a reaper
   702 | D        | Reached skill level 15 in Fighting
   706 | D        | Killed a reaper
   706 | D        | Reached XP level 13. HP: 105/105 MP: 13/13
   717 | D        | Got the ring "Degruzes" {Ice MR++ Int+3 Dex-3}
   723 | D        | Entered arena 15.
   724 | D        | Noticed a storm dragon
   724 | D        | Noticed a storm dragon
   724 | D        | Noticed a spriggan air mage
   724 | D        | Noticed a storm dragon
   725 | D        | Noticed a storm dragon
   725 | D        | Noticed a storm dragon
   726 | D        | Found a transporter.
   732 | D        | Noticed an Executioner
   733 | D        | Killed from afar by a storm dragon

Skill      XL: |  1  2  3  4  5  6  7  8  9 10 11 12 13 |
---------------+----------------------------------------+-----
Maces & Flails | 7 9 11 12 13 16 17 20 | 20.1
Dodging        | 1 |  1.5
Armour         | 7 11 | 11.5
Shields        | 12 18 | 18.1
Fighting       | 15 16 | 16.0

Action                   |  1- 3 |  4- 6 |  7- 9 | 10-12 | 13-15 || total
-------------------------+-------+-------+-------+-------+-------++-------
Melee: Great mace        |     2 |    29 |    26 |    81 |     8 ||   146
Invok: Greater Servant o |       |       |       |       |     1 ||     1
  Use: Potion            |     1 |       |       |     3 |     1 ||     5
Armor: Plate armour      |       |    35 |    13 |    26 |    13 ||    87
Dodge: Dodged            |       |     3 |     1 |     5 |     1 ||    10
Block: Shield            |     2 |    65 |    27 |   137 |    25 ||   256
